Map: [ESL] Data-C

Players

HateMe

  • Race: Zerg Zerg
  • Spawn Location: 9:00

Elazer - Winner!

  • Race: Zerg Zerg
  • Spawn Location: 3:00

Event: DreamHack SC2 Masters 2022 Atlanta (Online)

VOD

Have the link to the VOD?

Description

Time

  • Played on: Oct. 6, 2022, 12:37 p.m.
  • Length: 10:34

All games in this series

Show
View Real Time Build Order
Export as new Build Order

HateMe Zerg 

Build Orders: Hatch First 

Get SALT Encoding   

  12  0:00  Drone  
  13  0:12  Overlord  
  13  0:16  Drone  
  14  0:30  Drone x2  
  16  0:48  Hatchery  
  15  0:52  Extractor  
  14  1:04  Spawning Pool  
  14  1:08  Drone  
  14  1:12  Drone  
  14  1:15  Drone  
  16  1:20  Drone  
  17  1:31  Overlord  
  17  1:53  Metabolic Boost  
  17  1:59  Queen  
  17  2:00  Queen  
  21  2:06  Zergling x2  
  21  2:07  Zergling x2  
  23  2:10  Zergling x2  
  23  2:15  Zergling x2  
  25  2:17  Zergling x2  
  25  2:20  Zergling x2  
  27  2:23  Zergling x2  
  27  2:29  Zergling x2  
  29  2:33  Zergling x2  
  30  2:39  Overlord  
  30  2:45  Zergling x2, Evolution Chamber  
  30  2:49  Zergling x2  
  31  2:54  Zergling x2  
  32  3:03  Zergling x2  
  33  3:09  Zergling x12  
  40  3:13  Zergling x2  
  40  3:17  Zergling x2  
  42  3:21  Overlord  
  42  3:26  Zergling x2  
  43  3:31  Zergling x2  
  43  3:36  Zergling x2  
  41  3:42  Zergling x6  
  41  3:46  Drone x2  
  41  3:48  Drone  
  46  3:53  Drone  
  47  3:56  Drone  
  47  4:01  Overlord  
  48  4:04  Drone  
  49  4:10  Drone  
  49  4:15  Drone  
  49  4:16  Overlord  
  51  4:22  Drone x3  
  51  4:24  Drone  
  55  4:28  Drone x2  
  57  4:32  Overlord  
  57  4:36  Drone  
  58  4:42  Overlord  
  58  4:53  Hatchery  
  58  4:54  Drone  
  58  4:56  Drone  
  59  5:00  Drone x2  
  61  5:08  Drone  
  61  5:09  Roach Warren  
  61  5:13  Extractor  
  61  5:14  Drone x2  
  62  5:15  Drone  
  62  5:19  Drone x2  
  62  5:21  Drone  
  66  5:28  Overlord  
  66  5:35  Overlord x2  
  66  5:38  Lair  
  66  5:49  Overlord x2  
  66  5:51  Roach x3  
  66  5:54  Roach  
  66  5:56  Extractor  
  75  5:57  Roach  
  75  6:00  Roach  
  75  6:03  Roach  
  83  6:11  Roach x3  
  85  6:21  Drone x5, Evolution Chamber  
  89  6:27  Drone x4  
  93  6:33  Overlord  
  93  6:34  Drone x2  
  93  6:40  Glial Reconstitution  
  93  6:43  Roach x2  
  93  6:47  Roach  
  99  6:48  Zerg Missile Weapons Level 1  
  99  6:54  Spore Crawler  
  98  6:55  Spore Crawler x2  
  96  7:02  Queen  
  96  7:04  Queen  
  100  7:11  Queen  
  100  7:15  Overlord x2  
  102  7:19  Drone x4  
  106  7:24  Overlord  
  106  7:28  Overlord x2  
  101  7:35  Roach x2  
  104  7:49  Roach x8  
  119  7:51  Roach  
  115  7:58  Roach  
  115  7:59  Roach  
  115  8:00  Roach x3  
  125  8:13  Roach x2  
  125  8:17  Overlord x2  
  125  8:19  Roach x2  
  128  8:21  Roach x4  
  128  8:25  Roach  
  128  8:26  Roach  
  120  8:27  Roach  
  120  8:28  Roach  
  120  8:32  Roach  
  108  8:39  Roach x2  
  108  8:40  Queen, Roach  
  100  8:43  Roach  
  100  8:45  Roach  
  100  8:47  Roach  
  94  8:48  Roach  
  94  8:51  Drone x2  
  94  8:54  Queen  
  96  8:59  Queen  
  96  9:02  Drone x3  
  99  9:06  Drone x2  
  99  9:12  Extractor  
  99  9:13  Hydralisk Den, Drone  
  96  9:18  Queen  
  96  9:21  Overlord  
  98  9:25  Roach  
  98  9:29  Roach  
  104  9:38  Roach x4  
  112  9:40  Overseer  
  112  9:50  Drone  
  112  9:51  Drone, Extractor  
  113  9:55  Hydralisk x3  
  119  10:02  Hydralisk x3, Extractor  
  119  10:05  Overlord  
  122  10:08  Hydralisk x2  
Show
View Real Time Build Order
Export as new Build Order

Elazer Zerg - Winner!

Build Orders: Hatch First 

Get SALT Encoding   

  12  0:00  Drone  
  13  0:12  Overlord  
  13  0:17  Drone  
  14  0:30  Drone x2  
  16  0:47  Hatchery  
  15  0:51  Drone  
  15  0:55  Drone  
  17  0:58  Drone  
  18  1:09  Extractor  
  17  1:13  Spawning Pool  
  17  1:17  Drone  
  17  1:20  Drone  
  18  1:28  Drone  
  19  1:39  Drone  
  20  1:49  Drone  
  21  2:00  Queen x2  
  26  2:01  Zergling x2  
  26  2:03  Overlord  
  26  2:10  Drone  
  26  2:12  Drone  
  28  2:21  Drone x2  
  30  2:35  Hatchery  
  29  2:39  Drone  
  29  2:41  Drone  
  31  2:48  Overlord  
  31  2:49  Drone  
  32  2:55  Queen  
  34  2:59  Drone x2  
  36  3:06  Drone x2  
  36  3:09  Drone x4  
  36  3:10  Drone  
  43  3:17  Evolution Chamber  
  43  3:19  Evolution Chamber  
  41  3:20  Evolution Chamber  
  41  3:23  Evolution Chamber  
  41  3:25  Evolution Chamber  
  39  3:28  Evolution Chamber  
  39  3:29  Queen  
  39  3:33  Queen  
  41  3:42  Evolution Chamber  
  41  3:47  Drone x4  
  43  3:57  Overlord  
  43  3:58  Drone  
  43  4:01  Roach Warren  
  44  4:05  Lair  
  44  4:12  Overlord  
  44  4:14  Queen, Overlord  
  44  4:15  Extractor x2  
  44  4:25  Drone x3  
  44  4:29  Drone  
  48  4:42  Drone x5  
  53  4:47  Roach x4  
  61  4:58  Extractor  
  60  5:00  Drone x3  
  60  5:03  Spire  
  60  5:04  Glial Reconstitution  
  60  5:05  Drone  
  60  5:06  Zerg Missile Weapons Level 1  
  63  5:12  Overlord  
  63  5:16  Overlord  
  63  5:21  Roach x2  
  63  5:24  Overlord  
  67  5:36  Overlord  
  67  5:40  Drone x2  
  69  5:43  Roach x3  
  75  5:56  Roach x4  
  75  5:57  Roach  
  85  6:07  Overlord  
  85  6:11  Hatchery  
  84  6:18  Mutalisk x4  
  84  6:23  Overlord  
  92  6:25  Mutalisk  
  92  6:26  Mutalisk  
  92  6:28  Overlord  
  96  6:39  Roach x2  
  100  6:41  Overlord  
  100  6:44  Roach  
  100  6:45  Roach  
  104  6:47  Roach x2  
  104  6:48  Roach  
  104  6:51  Roach  
  112  6:54  Roach  
  114  7:05  Roach x2  
  118  7:12  Roach  
  120  7:20  Roach  
  120  7:21  Roach  
  120  7:22  Overlord x2  
  124  7:29  Roach x3  
  130  7:42  Roach x5  
  140  7:49  Roach x4  
  140  7:59  Roach x3  
  140  8:00  Zerg Ground Armor Level 1, Zerg Missile Weapons Level 2  
  144  8:25  Drone x6  
  124  8:29  Roach x8  
  124  8:35  Roach  
  124  8:36  Roach x2  
  124  8:41  Roach x2  
  126  8:45  Roach  
  126  8:46  Roach  
  116  8:51  Roach x2  
  110  8:56  Roach x3  
  110  8:58  Roach  
  110  9:02  Roach  
  120  9:05  Roach x2  
  122  9:11  Roach x3  
  122  9:15  Roach x2  
  132  9:20  Roach x2  
  132  9:22  Overlord  
  136  9:24  Overlord  
  136  9:27  Overlord  
  136  9:29  Roach  
  138  9:38  Roach x4  
  146  9:44  Roach x3  
  154  9:45  Roach  
  154  9:52  Roach x3  
  160  9:54  Ravager x2  
  160  9:55  Ravager  
  160  9:59  Drone x3  
  166  10:05  Drone x4  
  170  10:10  Extractor x2, Overlord  
Tags
 
Add a new tag
Caveats
  • Supply blocks, unpowered buildings, or Contaminate may cause inaccurate times.
  • Supply counts are checked every 10 seconds.